 Dungeon Crawl Stone Soup version 0.16-a0-4002-g2d13b8e (console) character file.

133 MarvinPA the Digger (level 4, -1/33 HPs)
             Began as a Demigod Earth Elementalist on Feb 14, 2015.
             Slain by a gnoll
             ... wielding a +0 spear
              (2 damage)
             ... on level 3 of the Dungeon.
             The game lasted 00:06:20 (3082 turns).

MarvinPA the Digger (Demigod Earth Elementalist)    Turns: 3082, Time: 00:06:20

Health: -1/33      AC:  6    Str: 11    XL:     4   Next: 64%
Magic:  0/12       EV: 12    Int: 19    God:
Gold:   112        SH:  0    Dex: 16    Spells: 3 memorised, 3 levels left

rFire  . . .     SeeInvis .     (no weapon)
rCold  . . .     Clarity  .     c - +1 robe
rNeg   . . .     SustAb   +     (no shield)
rPois  .         Gourm    .     (no helmet)
rElec  .         Spirit   .     (no cloak)
rCorr  .         Warding  .     q - +2 pair of gloves
rMut   .         Stasis   .     (no boots)
MR     .....                    (no amulet)
Stlth  ++........               (no ring)
                                (no ring)

@: very slightly contaminated, not resistant to hostile enchantments, unstealthy
A: dopey 1, mutation resistance 1, sustain abilities
a: no special abilities


You were on level 3 of the Dungeon.
You were hungry.

You visited 1 branch of the dungeon, and saw 3 of its levels.

You collected 112 gold pieces.


Innate Abilities, Weirdness & Mutations

Your attributes are resistant to harm.
You are dopey. (Int -2)
You are somewhat resistant to further mutation.


   Skills:
 - Level 1.7 Dodging
 - Level 1.7 Stealth
 - Level 3.0 Spellcasting
 + Level 1.3 Conjurations
 - Level 0.8 Transmutations
 + Level 4.0 Earth Magic


You had 3 spell levels left.
You knew the following spells:

 Your Spells              Type           Power        Failure   Level  Hunger
a - Stoneskin             Trmt/Erth      ##......     10%         2    ##.....
x - Stone Arrow           Conj/Erth      ##....       17%         3    ###....
z - Sandblast             Erth           ###...       3%          1    None

Inventory:

Missiles
 b - 51 stones (quivered)
Armour
 c - a +1 robe (worn)
 q - a +2 pair of gloves (worn)
Scrolls
 e - 4 scrolls of remove curse
 j - a scroll of recharging {unknown}
 m - a scroll of magic mapping {unknown}
 n - 3 scrolls of identify {@r1}
 t - a scroll of amnesia {unknown}
 u - a scroll of fear {unknown}
 v - a scroll of enchant armour
Potions
 g - 2 potions of restore abilities
Books
 d - a book of Geomancy
Comestibles
 a - a bread ration
 k - a meat ration
 r - a chunk of flesh

Dungeon Overview and Level Annotations

Branches:
Dungeon (3/15)

Portals:
Sewer: D:3

##.......# #### .
..........#
.#######....#########
#≈≈≈≈≈#....# #..<..#
#≈≈≈≈≈#....# #.....#
#BB∩≈≈#...####.....# #
≈B≈≈ #.....##.....#
#.'######............#
#.gBgph[...(..h....###
#.#g#####.£..#####.#
............#####.###
#########..#.##.......
#..#.##.##.###
#.......##.#
##....[....#
#########.# ###
########### #.#


You could see 3 gnolls, a giant mite, a jackal and 3 giant cockroaches.


Message History

The gnoll closely misses you.
b - 51 stones (in hand)
The jackal barely misses you.
Really attack while wielding your 51 stones? [Y]es or [N]o only, please.
Really attack while wielding your 51 stones? [Y]es or [N]o only, please.
Really attack while wielding your 51 stones? [Y]es or [N]o only, please.
Really attack while wielding your 51 stones?
You are now empty-handed.
You are feeling hungry.
You hit the jackal.
The jackal is lightly wounded.
The jackal completely misses you. The gnoll closely misses you.
The gnoll hits you but does no damage. The jackal bites you.
* * * LOW HITPOINT WARNING * * *
You closely miss the jackal.
The jackal is lightly wounded.
The gnoll closely misses you. The gnoll barely misses you.
The jackal barely misses you.
You miss the jackal.
The jackal is lightly wounded.
The gnoll misses you. The jackal misses you. The gnoll hits you with a club!
* * * LOW HITPOINT WARNING * * *
You barely miss the jackal.
The jackal is lightly wounded.
The jackal closely misses you.
The gnoll hits you from afar with a spear.
You die...

Action                   |  1- 3 |  4- 6 || total
-------------------------+-------+-------++-------
Melee: Unarmed           |    30 |     5 ||    35
Throw: Stone             |     1 |       ||     1
 Cast: Sandblast         |    72 |    18 ||    90
       Stoneskin         |     1 |     1 ||     2
  Use: Potion            |       |     6 ||     6
       Scroll            |       |     5 ||     5
 Stab: Sleeping          |     1 |       ||     1
  Eat: Chunk             |     5 |       ||     5
       Beef jerky        |     1 |       ||     1

Vault maps used:
D:1:      dpeg_arrival_round_b, minmay_cut_off
D:2:      grunt_temple_overflow_open, kennysheep_big_empty_room, minivault_19
D:3:      portal_sewer_entry_c, roderic_lattice_a, baited_tele_trap

Notes
Turn   | Place    | Note
--------------------------------------------------------------
     0 | D:1      | MarvinPA, the Demigod Earth Elementalist, began the quest for the Orb.
     0 | D:1      | Reached XP level 1. HP: 14/14 MP: 3/3
   273 | D:1      | Reached skill level 2 in Spellcasting
   791 | D:1      | Reached XP level 2. HP: 8/20 MP: 0/5
   946 | D:1      | Learned a level 2 spell: Stoneskin
  1346 | D:2      | Reached skill level 3 in Earth Magic
  1863 | D:2      | Reached XP level 3. HP: 26/26 MP: 6/8
  2017 | D:2      | Found a deep blue altar of Sif Muna.
  2019 | D:2      | Found a sacrificial altar of Ru.
  2020 | D:2      | Found a burning altar of Makhleb.
  2028 | D:2      | Found a shadowy altar of Dithmenos.
  2028 | D:2      | Found a blossoming altar of Fedhas.
  2029 | D:2      | Found an iron altar of Okawaru.
  2029 | D:2      | Found a white marble altar of Elyvilon.
  2807 | D:3      | Reached skill level 3 in Spellcasting
  2818 | D:3      | Learned a level 3 spell: Stone Arrow
  2936 | D:3      | Reached XP level 4. HP: 33/33 MP: 6/12
  2938 | D:3      | Reached skill level 1 in Conjurations
  2973 | D:3      | HP: 3/33 [gnoll/spear (5)]
  2976 | D:3      | HP: 1/33 [jackal (2)]
  2988 | D:3      | HP: 3/33 [jackal (2)]
  2991 | D:3      | Gained mutation: You are somewhat resistant to further mutation. [potion of mutation]
  2991 | D:3      | Gained mutation: You are dopey. (Int -2) [potion of mutation]
  2998 | D:3      | Reached skill level 4 in Earth Magic
  3068 | D:3      | Found a glowing drain.
  3081 | D:3      | HP: 1/33 [gnoll/club (9)]
  3082 | D:3      | Slain by a gnoll

Vanquished Creatures
  An orc priest (D:3)
  A gnoll (D:3)
  5 adders
  2 worms
  3 giant geckos
  4 orcs (D:3)
  A ball python (D:3)
  3 bats
  A hobgoblin (D:1)
  5 kobolds
  A quokka (D:3)
  2 giant cockroaches
  A giant newt (D:1)
  3 goblins
  3 jackals (D:3)
  4 rats
40 creatures vanquished.
